 Dungeon Crawl Stone Soup version 0.29.1-12-g30fa7ad0bf (webtiles) character file.

Game seed: 10597479168590170890

11041 LustLizard the Marksspriggan (level 11, 0/54 HPs)
             Began as a Spriggan Hunter on Dec 30, 2022.
             Was a High Priest of Dithmenos.
             Succumbed to a hornet's poison
             ... while paralysed by a hornet
             ... on level 10 of the Dungeon.
             The game lasted 00:33:35 (13546 turns).

LustLizard the Marksspriggan (Spriggan Hunter)     Turns: 13546, Time: 00:33:35

Health: 0/54       AC:  7    Str:  7    XL:     11   Next: 44%
Magic:  16/16      EV:  4    Int: 12    God:    Dithmenos [*****.]
Gold:   456        SH:  0    Dex: 28    Spells: 10/10 levels left

rFire   . . .      SeeInvis +   a - +0 shortbow (flame)
rCold   . . .      Faith    .   (shield currently unavailable)
rNeg    . . .      Spirit   .   L - +0 acid dragon scales
rPois   .          Reflect  .   (helmet restricted)
rElec   .          Harm     .   I - +0 cloak
rCorr   +          Rampage  .   (gloves unavailable)
Will    +....                   (boots unavailable)
Stlth   +++++.....              (no amulet)
HPRegen 0.18/turn               A - +6 ring of dexterity
MPRegen 0.15/turn               (no ring)

@: paralysed, lethally poisoned (0 -> -13), slowed, wreathed by umbra, very
quick
A: very small, no large weapons, unfitting armour, see invisible, speed 3
a: Renounce Religion, Shadow Step, Shadow Form


You were on level 10 of the Dungeon.
You worshipped Dithmenos.
Dithmenos was extremely pleased with you.
You visited 2 branches of the dungeon, and saw 11 of its levels.
You also visited: Sewer and Bailey.

You collected 546 gold pieces.
You spent 90 gold pieces at shops.

Inventory:

Hand Weapons
 a - a +0 shortbow of flaming (weapon)
Missiles
 u - 4 throwing nets
Armour
 c - a +0 robe
 i - +0 gold dragon scales
 I - a +0 cloak (worn)
 K - a +1 animal skin
 L - +0 acid dragon scales (worn)
Jewellery
 A - a +6 ring of dexterity (left hand)
 J - a +4 ring of evasion
Wands
 p - a wand of polymorph (5)
 z - a wand of roots (19)
 C - a wand of flame (26)
Scrolls
 b - a scroll of immolation
 d - a scroll of magic mapping {unknown}
 e - 3 scrolls of enchant armour
 f - a scroll of torment
 g - 2 scrolls of blinking
 h - 2 scrolls of summoning
 l - 5 scrolls of fear
 n - 2 scrolls of amnesia
 o - 2 scrolls of teleportation {unknown}
 q - 2 scrolls of brand weapon
 r - 2 scrolls of butterflies {unknown}
 t - 2 scrolls of poison
 y - 2 scrolls of silence {unknown}
 F - 2 scrolls of enchant weapon {unknown}
 H - a scroll of identify
Potions
 j - a potion of brilliance
 k - 2 potions of mutation
 m - 2 potions of ambrosia
 s - 2 potions of might
 v - 2 potions of haste
 w - 2 potions of flight
 x - 7 potions of curing
 D - a potion of lignification {unknown}
 E - a potion of resistance {unknown}
 G - a potion of heal wounds
Miscellaneous
 B - a phantom mirror


   Skills:
 + Level 4.4 Fighting
 * Level 15.3 Ranged Weapons
 + Level 7.8 Dodging
 - Level 5.0 Stealth
 * Level 6.2 Invocations


You had 10 spell levels left.
You didn't know any spells.
Your spell library contained the following spells:

 Spells                   Type           Power      Damage    Failure   Level
 Apportation              Tloc           0%         N/A       54%         1
 Foxfire                  Conj/Fire      0%         2x1d4     54%         1
 Necrotise                Necr           0%         1d4       54%         1
 Summon Small Mammal      Summ           0%         N/A       54%         1
 Conjure Flame            Conj/Fire      0%         6-21      88%         3
 Inner Flame              Hex/Fire       0%         N/A       88%         3
 Animate Armour           Summ/Erth      0%         N/A       99%         4
 Animate Dead             Necr           0%         N/A       99%         4
 Flame Wave               Conj/Fire      0%         2d4       99%         4
 Blade Hands              Tmut           0%         N/A       100%        5
 Borgnjor's Vile Clutch   Necr/Erth      0%         N/A       100%        5
 Death Channel            Necr           0%         N/A       100%        6
 Iron Shot                Conj/Erth      0%         9d1       100%        6


Dungeon Overview and Level Annotations

Branches:
Dungeon (9/15)             Temple (1/1) D:4           Sewer (visited)
 Bailey (visited)
   Lair: D:8-11         Orc: D:9-12

Altars:
Ashenzari
Dithmenos
Elyvilon
Fedhas
Gozag
Kikubaaqudgha
Makhleb
Okawaru
Qazlal
Uskayaw
Vehumet
Wu Jian
Yredelemnul
The Shining One

Shops:
D:4 :   D:5 =:[?   D:6 ?   D:9 ?

Annotations:
D:7 2 runed translucent doors
D:8 exclusion: wolf spider, Erica


Innate Abilities, Weirdness & Mutations

You are very small and have problems with some larger weapons.
You are too small for most types of armour.
You have supernaturally acute eyesight. (SInv)
You cover ground extremely quickly. (Speed+++)


Message History

You shoot an arrow. The arrow closely misses the shadow.
The shadow misses you.
You shoot an arrow. The arrow hits the shadow!
The arrow burns the shadow.
You destroy the shadow!
Dithmenos accepts your kill.
You can now transform into a swirling mass of shadows.
No target in view!
A hornet comes into view.
The hornet moves out of view.
A troll comes into view.
You shoot an arrow. The troll shouts!
The arrow hits the troll.
The arrow burns the troll.
The troll is lightly wounded.
You hear a shout!
You hear an angry buzzing noise.
You shoot an arrow.
The arrow hits the troll but does no damage.
The troll is lightly wounded.
You shoot an arrow. The arrow closely misses the troll.
An orc warrior comes into view. It is wielding a +0 trident.
You shoot an arrow. The arrow hits the hornet.
The arrow burns the hornet.
The hornet is lightly wounded.
You hear an angry hiss.
You hear an angry buzzing noise.
The orc warrior closely misses you. The hornet barely misses you.
You shoot an arrow. The arrow hits the hornet!
The arrow burns the hornet.
The hornet is severely wounded.
The hornet stings you!
You suddenly lose the ability to move!
The orc warrior hits you from afar with a +0 trident.
A wyvern comes into view.
The hornet stings you but does no damage.
The orc warrior barely misses you. The wyvern bites you! The hornet stings you.
You shrug off the repeated paralysis!
The wyvern bites you!
* * * LOW HITPOINT WARNING * * *
The hornet stings you.
* * * LOW HITPOINT WARNING * * *
You are lethally poisoned!
You feel yourself slow down.
The orc warrior hits you from afar with a +0 trident.
* * * LOW HITPOINT WARNING * * *
You die...

#. ### ## .# ..
.# .... .#
###.#.#.#
.......# #
.....#
.##.##l..#
......#@#
#.oyT####
##.##...#
#.....#.#
##.##...#
#.....###
##....#####
#.........#
######.†..#####


You could see a troll, a hornet, an orc warrior and a wyvern.

Vanquished Creatures
  2 two-headed ogres
  An orc knight (Bailey)
  Joseph (D:8)
  An unseen horror (D:7)
  2 komodo dragons
  2 hornets (D:10)
  A slime creature (D:7)
  2 shadows (D:10)
  A wyvern (D:8)
  4 yaks (D:9)
  A human (D:9)
  4 hogs (D:9)
  Grum (D:8)
  An acid dragon (D:9)
  2 water moccasins (D:6)
  Duvessa (D:4)
  3 ice beasts
  2 black bears
  10 orc warriors
  2 sky beasts (D:7)
  3 wolves (D:8)
  An ogre (D:7)
  4 centaurs
  A phantom (D:4)
  7 kobold brigands
  5 bullfrogs
  2 gnoll sergeants (D:6)
  A necrophage (D:5)
  5 scorpions
  Dowan (D:4)
  5 killer bees (D:6)
  2 howler monkeys
  3 orc priests
  2 jellies
  4 hounds
  Crazy Yiuf (D:4)
  6 iguanas
  Ijyb (D:4)
  2 gnoll boudas
  4 orc wizards
  20 gnolls
  3 river rats (Sewer)
  10 adders
  2 shadow imps
  2 white imps (D:6)
  2 ufetubi
  4 worms
  2 dart slugs
  44 orcs
  8 endoplasms
  4 giant cockroaches
  16 goblins
  12 hobgoblins
  3 jackals (D:3)
  32 kobolds
  6 quokkas
  9 ball pythons
  5 bats
  3 frilled lizards
  11 rats
302 creatures vanquished.

Vanquished Creatures (collateral kills)
  3 yaks (D:9)
3 creatures vanquished.

Vanquished Creatures (others)
  2 plants (D:4)
2 creatures vanquished.

Grand Total: 307 creatures vanquished

Notes
Turn   | Place    | Note
-------+----------+-------------------------------------------
     0 | D:1      | LustLizard the Spriggan Hunter began the quest for the Orb.
     0 | D:1      | Reached XP level 1. HP: 10/10 MP: 2/2
   142 | D:1      | Reached XP level 2. HP: 14/14 MP: 3/3
   368 | D:1      | Found a faded altar of an unknown god.
   542 | D:2      | Reached XP level 3. HP: 18/18 MP: 4/4
   666 | D:2      | Reached skill level 5 in Ranged Weapons
  1184 | D:2      | Reached XP level 4. HP: 22/22 MP: 5/5
  1869 | D:3      | Reached XP level 5. HP: 25/25 MP: 6/6
  2669 | D:4      | Reached skill level 6 in Ranged Weapons
  2674 | D:4      | Found a staircase to the Ecumenical Temple.
  2683 | Temple   | Entered the Ecumenical Temple
  2737 | Temple   | Became a worshipper of Dithmenos the Shadowed
  2925 | D:4      | Found Bilut's Book Shoppe.
  2984 | D:4      | Noticed Dowan
  3224 | D:4      | Reached skill level 5 in Stealth
  3483 | D:4      | Reached XP level 6. HP: 26/30 MP: 7/7
  3563 | D:4      | Noticed Ijyb
  3653 | D:4      | Reached skill level 7 in Ranged Weapons
  3966 | D:4      | Reached * piety under Dithmenos
  4164 | D:4      | Killed Dowan
  4305 | D:4      | Reached XP level 7. HP: 28/33 MP: 8/8
  4361 | D:4      | Found a runed translucent door.
  4362 | D:4      | Noticed Crazy Yiuf
  4416 | D:4      | Reached skill level 8 in Ranged Weapons
  4553 | D:4      | Noticed Duvessa
  4675 | D:5      | Entered Level 5 of the Dungeon
  4720 | D:5      | Found Doiqyus's Armour Shop.
  5005 | D:5      | Reached skill level 9 in Ranged Weapons
  5353 | D:5      | Found Jokaitz's Magic Scroll Boutique.
  5361 | D:5      | Bought a scroll of enchant armour for 90 gold pieces
  5457 | D:5      | Found Giddauwn's Book Emporium.
  6136 | D:5      | Reached XP level 8. HP: 37/37 MP: 9/9
  6151 | D:5      | Found Yhaawej's Jewellery Boutique.
  6221 | D:6      | Reached ** piety under Dithmenos
  6222 | D:6      | Reached skill level 10 in Ranged Weapons
  6673 | D:6      | Reached skill level 11 in Ranged Weapons
  6673 | D:6      | Found a glowing drain.
  6682 | Sewer    | Entered a sewer
  7069 | Sewer    | Found a white marble altar of Elyvilon.
  7154 | D:6      | Found Qubois's Magic Scroll Emporium.
  7266 | D:6      | Found a stormy altar of Qazlal.
  7710 | D:7      | Found a flagged portal.
  7720 | D:7      | Reached skill level 12 in Ranged Weapons
  7720 | D:7      | Reached XP level 9. HP: 31/41 MP: 10/10
  7849 | D:7      | Found a large runed translucent door.
  7849 | D:7      | Noticed an unseen horror
  7850 | D:7      | Found a large runed translucent door.
  7850 | D:7      | Found a large runed translucent door.
  7854 | D:7      | Found a large runed translucent door.
  7905 | D:7      | Found a white marble altar of Elyvilon.
  7997 | Bailey   | Entered a bailey
  7998 | Bailey   | Reached *** piety under Dithmenos
  8087 | Bailey   | Noticed an orc knight
  8749 | Bailey   | Killed an orc knight
  8750 | Bailey   | Reached skill level 13 in Ranged Weapons
  9049 | Bailey   | Identified the -1 tower shield of Rotation {rF+ rN+ Will+
                  | Int+4 Dex-2}
  9584 | D:7      | Identified the +3 giant club of Tender Mercy {antimagic,
                  | Fly Will- Str+3 Dex+3}
  9693 | D:7      | Noticed a deep elf pyromancer
  9793 | D:7      | Found an ornate altar of the Wu Jian Council.
  9981 | D:7      | Reached skill level 14 in Ranged Weapons
 10143 | D:7      | Killed an unseen horror
 10144 | D:7      | Reached XP level 10. HP: 31/47 MP: 11/11
 10177 | D:7      | Reached skill level 5 in Dodging
 10445 | D:8      | Noticed Erica
 10501 | D:8      | Reached skill level 1 in Invocations
 10864 | D:8      | Reached **** piety under Dithmenos
 10876 | D:8      | Identified the +4 short sword of Biegiuna {venom, rN++
                  | Str+3}
 10955 | D:8      | Noticed a two-headed ogre
 10989 | D:8      | Killed a two-headed ogre
 11018 | D:8      | Noticed a wolf spider
 11182 | D:8      | Noticed Grum
 11184 | D:8      | Noticed Joseph
 11221 | D:8      | Killed Grum
 11546 | D:4      | Killed Duvessa
 11680 | D:4      | Killed Ijyb
 11913 | D:4      | Killed Crazy Yiuf
 12963 | D:8      | Killed Joseph
 13257 | D:9      | Reached XP level 11. HP: 53/53 MP: 15/15
 13288 | D:9      | Reached skill level 15 in Ranged Weapons
 13288 | D:9      | Reached skill level 5 in Invocations
 13324 | D:9      | Found Wiax's Magic Scroll Shoppe.
 13462 | D:9      | You fall into a shaft and drop 1 floor!
 13462 | D:10     | Entered Level 10 of the Dungeon
 13474 | D:10     | Noticed a two-headed ogre
 13480 | D:10     | Killed a two-headed ogre
 13522 | D:10     | Reached ***** piety under Dithmenos
 13543 | D:10     | Paralysed by a hornet for 3 turns
 13545 | D:10     | HP: 2/54 [orc warrior/+0 trident (4)]
 13546 | D:10     | Succumbed to a hornet's poison

Illustrated notes

Levels and vault maps discovered:
D:1:      grunt_arrival_crossed_arrows, layout_rooms,
          dilly_ecumenical_altar_fadedgnrine
D:2:      layout_loops_corners, minmay_misc_feat_iff
D:3:      layout_basic, kennysheep_flooded_box,
          minmay_fractal_squares_diagonal_5
D:4:      corexii_shantytown, layout_basic, minmay_temple_entry_ruins,
          serial_shops, shop_fountains, uniq_ijyb, uniq_duvessa,
          uniq_crazy_yiuf_cottage
D:5:      layout_basic, serial_shops, nicolae_diamond_shop,
          nicolae_shop_window_shopping, nicolae_shop_hallway_plus,
          nicolae_take_the_stairs
D:6:      kennysheep_windowed_halls, layout_cave_pools,
          mainiacjoe_overflow_catwalk, portal_sewer_entry_d, serial_shops,
          nicolae_shop_statue_plus, kennysheep_path_1
D:7:      layout_basic, nzn_wu_jian_contemplation, mainiacjoe_overflow_paths,
          enter_bailey_7, minmay_hollow_rounded_squares
D:8:      layout_loops_corners, kennysheep_just_a_vault, uniq_erica,
          uniq_joseph, uniq_grum
D:9:      layout_basic, gammafunk_temple_overflow_claw, serial_shops,
          nicolae_lakefront_shop, grunt_livestock
D:10:     layout_basic, dpeg_oklobed_lair, grunt_decor_mini_mirrors,
          onia_ninara_cookie
Temple:   nicolae_temple_superstar

Skill      XL: |  1  2  3  4  5  6  7  8  9 10 11 |
---------------+----------------------------------+-----
Stealth        | 2 3 4 5 |  5.0
Ranged Weapons | 5 6 7 9 12 14 15 | 15.3
Dodging        | 4 6 7 |  7.8
Fighting       | 2 3 4 |  4.4
Invocations    | 4 6 |  6.2

Action                   |  1- 3 |  4- 6 |  7- 9 | 10-12 || total
-------------------------+-------+-------+-------+-------++-------
 Fire: Shortbow          |   101 |   224 |   575 |   328 ||  1228
  Use: Scroll            |       |     2 |    10 |     2 ||    14
       Potion            |       |     1 |       |     1 ||     2
Armor: Robe              |     3 |     4 |    12 |     6 ||    25
       Animal skin       |       |       |       |     4 ||     4
       Acid dragon scale |       |       |       |     1 ||     1
Dodge: Dodged            |    21 |    67 |   163 |   119 ||   370
